Map: [ESL] Inside and Out

Players

Krystianer - Winner!

  • Race: Protoss Protoss
  • Spawn Location: 1:00

Gerald

  • Race: Protoss Protoss
  • Spawn Location: 7:00

Event: DreamHack SC2 Masters 2022 Valencia

VOD

Have the link to the VOD?

Description

Time

  • Played on: July 1, 2022, 5:19 p.m.
  • Length: 8:17

All games in this series

Show
View Real Time Build Order
Export as new Build Order

Krystianer Protoss - Winner!

Build Orders:  

Get SALT Encoding   

  12  0:00  Probe  
  13  0:12  Probe  
  14  0:16  Pylon  
  14  0:24  Probe (Chrono Boost)  
  16  0:36  Probe (Chrono Boost), Gateway  
  16  0:43  Probe (Chrono Boost)  
  16  0:45  Assimilator  
  17  0:50  Probe  
  17  0:54  Assimilator  
  18  1:03  Probe (Chrono Boost)  
  19  1:06  Gateway  
  19  1:13  Probe (Chrono Boost)  
  19  1:17  Probe (Chrono Boost)  
  20  1:23  Cybernetics Core  
  21  1:29  Probe  
  22  1:34  Pylon  
  22  1:41  Probe  
  23  1:53  Probe  
  24  1:57  Warp Gate (Chrono Boost)  
  24  1:59  Adept x2  
  28  2:06  Shield Battery  
  28  2:14  Pylon  
  28  2:15  Probe  
  29  2:30  Adept  
  29  2:32  Adept  
  33  2:50  Nexus  
  33  2:53  Probe  
  34  3:00  Adept  
  35  3:06  Adept  
  35  3:11  Probe  
  35  3:23  Probe  
  35  3:26  Pylon  
  36  3:35  Probe (Chrono Boost)  
  37  3:41  Robotics Facility  
  37  3:45  Adept x2  
  41  3:50  Probe (Chrono Boost)  
  42  3:57  Probe (Chrono Boost)  
  42  4:01  Probe (Chrono Boost)  
  44  4:07  Sentry  
  44  4:09  Sentry  
  50  4:10  Probe (Chrono Boost)  
  50  4:11  Probe (Chrono Boost)  
  50  4:16  Probe x2 (Chrono Boost)  
  50  4:28  Probe x2  
  48  4:40  Stalker x2, Immortal (Chrono Boost)  
  56  4:46  Probe  
  56  4:47  Probe  
  56  4:58  Probe  
  56  4:59  Probe  
  58  5:00  Pylon  
  58  5:10  Stalker x2  
  62  5:15  Observer (Chrono Boost)  
  62  5:19  Twilight Council  
  62  5:20  Shield Battery  
  61  5:26  Assimilator  
  57  5:29  Probe  
  57  5:34  Immortal (Chrono Boost)  
  62  5:36  Stalker x2  
  62  5:37  Probe  
  67  5:45  Gateway  
  67  5:49  Probe  
  66  5:57  Blink (Chrono Boost)  
  66  5:59  Stalker x2  
  66  6:03  Pylon  
  70  6:04  Pylon  
  70  6:18  Warp Prism (Chrono Boost)  
  70  6:24  Stalker x2  
  76  6:30  Gateway  
  76  6:38  Gateway  
  76  6:41  Stalker  
  76  6:43  Probe  
  79  6:47  Stalker, Pylon  
  79  6:49  Stalker  
  83  7:01  Pylon  
  81  7:13  Stalker  
  83  7:16  Observer  
  83  7:19  Stalker, Pylon  
  83  7:20  Stalker  
  88  7:32  Pylon  
  88  7:41  Stalker x2  
  90  7:45  Stalker x3  
  90  7:48  Probe x2  
  88  8:07  Stalker x2  
  88  8:08  Stalker x3  
Show
View Real Time Build Order
Export as new Build Order

Gerald Protoss 

Build Orders: Blink Stalkers 

Get SALT Encoding   

  12  0:00  Probe  
  13  0:12  Probe  
  14  0:17  Pylon  
  14  0:24  Probe (Chrono Boost)  
  16  0:37  Probe (Chrono Boost), Gateway  
  16  0:43  Probe (Chrono Boost)  
  16  0:46  Assimilator  
  17  0:51  Probe  
  17  0:54  Assimilator  
  18  1:03  Probe (Chrono Boost)  
  19  1:07  Gateway  
  19  1:12  Probe (Chrono Boost)  
  20  1:19  Probe  
  21  1:25  Cybernetics Core  
  21  1:31  Probe  
  22  1:36  Pylon  
  22  1:44  Probe  
  23  1:56  Probe  
  24  2:02  Warp Gate (Chrono Boost), Adept x2  
  24  2:08  Probe  
  29  2:12  Pylon  
  29  2:20  Probe  
  30  2:32  Stalker x2, Probe  
  35  2:40  Shield Battery  
  34  2:44  Probe  
  34  2:45  Shield Battery  
  35  2:56  Probe  
  36  3:09  Nexus  
  37  3:18  Probe  
  35  3:24  Twilight Council  
  33  3:29  Shield Battery  
  33  3:30  Probe  
  34  3:42  Probe  
  34  3:44  Stalker, Pylon  
  34  3:47  Sentry  
  39  3:58  Blink (Chrono Boost)  
  40  4:06  Pylon  
  40  4:11  Robotics Facility  
  40  4:14  Pylon  
  39  4:22  Stalker  
  38  4:35  Stalker  
  38  4:38  Probe  
  33  4:51  Probe  
  34  4:55  Probe  
  34  4:59  Shield Battery  
  35  5:03  Probe  
  35  5:16  Probe  
  35  5:19  Observer  
  35  5:22  Adept x2  
  39  5:29  Probe x2 (Chrono Boost)  
  40  5:41  Probe (Chrono Boost)  
  42  5:44  Probe (Chrono Boost)  
  42  5:47  Stalker  
  42  5:49  Probe (Chrono Boost)  
  46  6:00  Stalker  
  46  6:02  Probe (Chrono Boost)  
  45  6:05  Probe (Chrono Boost)  
  45  6:07  Observer  
  45  6:08  Probe (Chrono Boost)  
  47  6:11  Probe  
  47  6:16  Charge  
  47  6:18  Probe  
  49  6:20  Stalker  
  49  6:26  Stalker  
  49  6:30  Probe (Chrono Boost)  
  52  6:34  Probe (Chrono Boost)  
  52  6:35  Observer  
  53  6:41  Probe (Chrono Boost)  
  53  6:46  Gateway  
  53  6:47  Gateway  
  54  6:53  Immortal (Chrono Boost)  
  58  7:07  Probe  
  55  7:12  Zealot  
  55  7:13  Zealot  
  54  7:16  Gateway  
  54  7:22  Gateway  
  54  7:23  Gateway  
  54  7:25  Shield Battery  
  54  7:30  Immortal (Chrono Boost)  
  54  7:35  Sentry x2  
  62  7:39  Pylon  
  62  7:56  Zealot x2  
  58  8:01  Zealot  
  58  8:02  Zealot  
  44  8:13  Zealot  

Tags
 
Add a new tag
Caveats
  • Supply blocks, unpowered buildings, or Contaminate may cause inaccurate times.
  • Supply counts are checked every 10 seconds.